[ AOE2 MATCH · #504610708 ]
UnrankedKhitans vs Britons
Player's team · LOSS
Rival team · WIN
[ REPLAY ANALYSIS · EXTRACTED FROM THE RECORDED GAME ]
Feudal
10:42
Castle
21:53
Imperial
—
| APM avg | 37.9 |
| APM peak | 69 |
| eAPM avg | 19.1 |
| Villagers / military | 89 / 39 |
Focus
⚔️ 31.7% · 🌾 68.3%
Skirmisher ×13 · Cavalry Archer ×7 · Battering Ram ×6 · Archer ×5 · Spearman ×4 · Scorpion ×2
Feudal
10:37
Castle
19:32
Imperial
—
| APM avg | 41.1 |
| APM peak | 82 |
| eAPM avg | 22.2 |
| Villagers / military | 86 / 56 |
Focus
⚔️ 21.9% · 🌾 78.1%
Longbowman ×22 · Monk ×8 · Archer ×8 · Scout Cavalry ×6 · Mangonel ×3 · Spearman ×3
Match map
Initial resources + every placement click. Lines = walls · curves = elevation contours. ◆ gold · ⬟ stone · ● berries · ✦ relic · ◌ wall gap
Your base· Open — 9t gap
Scol1ng's base· Open — unwalled flank
Smoothed initial terrain · ◌ = detected wall gap · hover for details
Inputs per minute
— Ghost - - Scol1ng
Build order — Ghost
First 150 of 224 actions detected
| 0:21 | Build | Town Center |
| 1:02 | Build | House |
| 1:49 | Queue | Villager (Male) |
| 1:50 | Queue | Villager (Male) |
| 1:50 | Queue | Villager (Male) |
| 2:07 | Queue | Villager (Male) |
| 3:00 | Queue | Villager (Male) |
| 3:08 | Build | House |
| 3:47 | Queue | Villager (Male) |
| 4:04 | Build | House |
| 4:06 | Queue | Villager (Male) |
| 4:32 | Queue | Villager (Male) |
| 4:36 | Build | House |
| 4:41 | Build | House |
| 4:57 | Queue | Villager (Male) |
| 5:01 | Build | Mill |
| 5:15 | Queue | Villager (Male) |
| 5:49 | Research | Loom |
| 5:50 | Queue | Villager (Male) |
| 6:06 | Queue | Villager (Male) |
| 6:14 | Queue | Villager (Male) |
| 6:41 | Queue | Villager (Male) |
| 6:53 | Queue | Villager (Male) |
| 7:09 | Queue | Villager (Male) |
| 7:42 | Queue | Villager (Male) |
| 7:54 | Build | Lumber Camp |
| 8:06 | Queue | Villager (Male) |
| 8:27 | Research | Feudal Age |
| 8:57 | Build | Mining Camp |
| 9:36 | Queue | Villager (Male) |
| 9:37 | Queue | Villager (Male) |
| 9:43 | Build | Barracks |
| 10:42 | Age | Feudal Age |
| 10:45 | Build | Archery Range |
| 10:50 | Research | Double-Bit Axe |
| 10:55 | Queue | Villager (Male) |
| 11:08 | Queue | Spearman |
| 11:26 | Build | Blacksmith |
| 11:35 | Build | House |
| 11:45 | Queue | Villager (Male) |
| 11:50 | Queue | Archer |
| 11:52 | Queue | Villager (Male) |
| 11:56 | Build | House |
| 11:57 | Build | House |
| 12:01 | Research | Town Watch |
| 12:05 | Queue | Archer |
| 12:17 | Build | House |
| 12:20 | Build | Palisade Wall |
| 12:25 | Queue | Archer |
| 12:26 | Queue | Villager (Male) |
| 12:48 | Build | Palisade Gate |
| 12:49 | Build | Palisade Wall |
| 12:55 | Queue | Archer |
| 12:57 | Research | Fletching |
| 13:04 | Build | House |
| 13:05 | Build | Palisade Wall |
| 13:21 | Queue | Villager (Male) |
| 13:27 | Queue | Archer |
| 13:49 | Research | Padded Archer Armor |
| 13:51 | Queue | Skirmisher |
| 14:00 | Queue | Villager (Male) |
| 14:23 | Queue | Skirmisher |
| 14:23 | Queue | Skirmisher |
| 14:30 | Queue | Skirmisher |
| 14:36 | Queue | Skirmisher |
| 14:37 | Queue | Villager (Male) |
| 14:37 | Queue | Villager (Male) |
| 14:53 | Queue | Skirmisher |
| 14:53 | Queue | Skirmisher |
| 15:16 | Queue | Skirmisher |
| 15:18 | Queue | Villager (Male) |
| 15:24 | Queue | Villager (Male) |
| 15:25 | Queue | Skirmisher |
| 15:31 | Queue | Skirmisher |
| 15:32 | Queue | Villager (Male) |
| 15:48 | Queue | Villager (Male) |
| 15:53 | Build | House |
| 16:09 | Queue | Skirmisher |
| 16:09 | Queue | Villager (Male) |
| 16:10 | Queue | Villager (Male) |
| 16:16 | Queue | Villager (Male) |
| 16:19 | Queue | Skirmisher |
| 16:40 | Queue | Villager (Male) |
| 16:43 | Build | Lumber Camp |
| 16:58 | Queue | Villager (Male) |
| 17:14 | Queue | Villager (Male) |
| 17:16 | Queue | Skirmisher |
| 17:18 | Queue | Villager (Male) |
| 17:26 | Build | House |
| 17:27 | Build | Palisade Wall |
| 17:34 | Build | Market |
| 18:16 | Queue | Villager (Male) |
| 18:35 | Queue | Villager (Male) |
| 19:13 | Research | Castle Age |
| 19:31 | Build | Archery Range |
| 19:34 | Build | Stable |
| 19:47 | Build | House |
| 19:47 | Build | House |
| 20:01 | Build | Mining Camp |
| 20:11 | Queue | Spearman |
| 20:14 | Build | Palisade Wall |
| 20:20 | Build | Palisade Wall |
| 20:21 | Build | Palisade Wall |
| 20:45 | Build | House |
| 20:46 | Build | House |
| 21:03 | Build | House |
| 21:11 | Queue | Villager (Male) |
| 21:30 | Build | Mining Camp |
| 21:48 | Queue | Villager (Male) |
| 21:53 | Age | Castle Age |
| 22:03 | Build | House |
| 22:10 | Queue | Spearman |
| 22:10 | Queue | Spearman |
| 22:12 | Build | Palisade Wall |
| 22:14 | Build | Palisade Wall |
| 22:16 | Build | Palisade Wall |
| 22:48 | Queue | Cavalry Archer |
| 22:49 | Queue | Cavalry Archer |
| 22:50 | Queue | Villager (Male) |
| 22:50 | Queue | Villager (Male) |
| 22:51 | Queue | Villager (Male) |
| 23:09 | Build | Mill |
| 23:23 | Build | Mill |
| 23:34 | Queue | Villager (Male) |
| 23:36 | Research | Bodkin Arrow |
| 23:38 | Queue | Cavalry Archer |
| 23:38 | Queue | Cavalry Archer |
| 23:39 | Queue | Villager (Male) |
| 23:39 | Queue | Villager (Male) |
| 24:03 | Build | Stable |
| 24:10 | Build | Mill |
| 24:27 | Build | Town Center |
| 24:32 | Build | Siege Workshop |
| 24:36 | Queue | Villager (Male) |
| 24:55 | Queue | Villager (Male) |
| 25:07 | Build | Lumber Camp |
| 25:17 | Queue | Villager (Male) |
| 25:27 | Queue | Villager (Male) |
| 25:32 | Queue | Villager (Male) |
| 25:45 | Build | Castle |
| 26:03 | Queue | Villager (Male) |
| 26:10 | Build | Lumber Camp |
| 26:18 | Queue | Cavalry Archer |
| 26:19 | Queue | Villager (Male) |
| 26:21 | Queue | Villager (Male) |
| 26:31 | Queue | Villager (Male) |
| 27:06 | Queue | Villager (Male) |
| 27:07 | Queue | Villager (Male) |
| 27:18 | Queue | Cavalry Archer |
| 27:18 | Queue | Cavalry Archer |
Build order — Scol1ng
First 150 of 257 actions detected
| 0:28 | Build | Town Center |
| 1:09 | Build | House |
| 1:10 | Build | House |
| 1:43 | Queue | Villager (Male) |
| 1:43 | Queue | Villager (Male) |
| 1:55 | Queue | Villager (Male) |
| 2:17 | Queue | Villager (Male) |
| 2:38 | Build | Lumber Camp |
| 2:42 | Queue | Villager (Male) |
| 2:50 | Research | Loom |
| 2:50 | Queue | Villager (Male) |
| 2:56 | Queue | Villager (Male) |
| 3:28 | Queue | Villager (Male) |
| 3:51 | Queue | Villager (Male) |
| 4:00 | Queue | Villager (Male) |
| 4:15 | Build | House |
| 4:24 | Queue | Villager (Male) |
| 4:25 | Queue | Villager (Male) |
| 4:45 | Queue | Villager (Male) |
| 5:09 | Queue | Villager (Male) |
| 5:17 | Queue | Villager (Male) |
| 5:31 | Queue | Villager (Male) |
| 6:17 | Build | Mill |
| 6:29 | Build | House |
| 7:16 | Build | House |
| 7:36 | Queue | Villager (Male) |
| 8:16 | Build | House |
| 8:27 | Research | Feudal Age |
| 9:08 | Build | Barracks |
| 9:24 | Build | House |
| 10:03 | Build | House |
| 10:16 | Queue | Villager (Male) |
| 10:37 | Age | Feudal Age |
| 10:41 | Build | Archery Range |
| 10:48 | Build | Blacksmith |
| 10:50 | Queue | Villager (Male) |
| 11:04 | Queue | Villager (Male) |
| 11:09 | Research | Double-Bit Axe |
| 11:12 | Queue | Spearman |
| 11:12 | Queue | Spearman |
| 11:20 | Queue | Villager (Male) |
| 11:31 | Queue | Villager (Male) |
| 11:36 | Queue | Archer |
| 11:36 | Queue | Archer |
| 11:36 | Queue | Archer |
| 11:39 | Research | Fletching |
| 11:39 | Research | Padded Archer Armor |
| 11:54 | Queue | Villager (Male) |
| 12:05 | Queue | Spearman |
| 12:26 | Build | Mill |
| 12:31 | Queue | Villager (Male) |
| 12:36 | Queue | Archer |
| 12:40 | Queue | Villager (Male) |
| 13:02 | Build | Outpost |
| 13:04 | Queue | Villager (Male) |
| 13:07 | Queue | Villager (Male) |
| 13:21 | Queue | Archer |
| 13:22 | Queue | Archer |
| 13:31 | Queue | Villager (Male) |
| 13:56 | Queue | Villager (Male) |
| 13:59 | Build | Archery Range |
| 14:21 | Build | House |
| 14:28 | Queue | Villager (Male) |
| 14:30 | Build | House |
| 14:32 | Build | House |
| 14:42 | Queue | Villager (Male) |
| 15:14 | Queue | Villager (Male) |
| 15:17 | Queue | Villager (Male) |
| 15:21 | Queue | Archer |
| 15:21 | Queue | Archer |
| 15:29 | Build | House |
| 15:29 | Queue | Villager (Male) |
| 15:33 | Build | Market |
| 15:35 | Queue | Villager (Male) |
| 15:42 | Queue | Villager (Male) |
| 16:05 | Build | House |
| 16:16 | Build | Mining Camp |
| 16:41 | Research | Castle Age |
| 16:41 | Research | Castle Age |
| 17:32 | Queue | Villager (Male) |
| 17:37 | Build | Stable |
| 17:57 | Research | Scale Barding Armor |
| 18:07 | Build | House |
| 18:08 | Research | Horse Collar |
| 18:35 | Queue | Scout Cavalry |
| 18:35 | Queue | Scout Cavalry |
| 18:55 | Build | House |
| 19:16 | Queue | Scout Cavalry |
| 19:28 | Queue | Villager (Male) |
| 19:32 | Age | Castle Age |
| 19:34 | Queue | Scout Cavalry |
| 19:35 | Queue | Knight |
| 19:55 | Queue | Villager (Male) |
| 19:57 | Build | House |
| 20:06 | Queue | Knight |
| 20:08 | Queue | Villager (Male) |
| 20:22 | Queue | Villager (Male) |
| 20:39 | Queue | Villager (Male) |
| 20:41 | Build | House |
| 20:49 | Build | Castle |
| 20:59 | Queue | Villager (Male) |
| 21:14 | Queue | Villager (Male) |
| 21:23 | Build | Town Center |
| 21:35 | Build | Siege Workshop |
| 21:40 | Queue | Villager (Male) |
| 21:52 | Build | Monastery |
| 22:26 | Build | Farm |
| 22:28 | Queue | Villager (Male) |
| 22:42 | Build | Lumber Camp |
| 22:51 | Build | Farm |
| 22:52 | Queue | Monk |
| 23:11 | Queue | Battering Ram |
| 23:14 | Queue | Longbowman |
| 23:14 | Queue | Longbowman |
| 23:25 | Queue | Scout Cavalry |
| 23:32 | Queue | Scout Cavalry |
| 23:36 | Build | Farm |
| 23:38 | Build | Farm |
| 23:41 | Build | Farm |
| 23:53 | Queue | Villager (Male) |
| 24:06 | Queue | Monk |
| 24:08 | Queue | Villager (Male) |
| 24:23 | Queue | Villager (Male) |
| 24:32 | Build | Farm |
| 24:33 | Queue | Villager (Male) |
| 24:45 | Queue | Battering Ram |
| 24:54 | Queue | Villager (Male) |
| 24:56 | Build | Farm |
| 25:17 | Build | Farm |
| 25:28 | Research | Bodkin Arrow |
| 25:44 | Build | University |
| 26:30 | Research | Town Watch |
| 26:31 | Queue | Villager (Male) |
| 26:35 | Build | Town Center |
| 26:51 | Queue | Longbowman |
| 26:51 | Queue | Longbowman |
| 27:00 | Queue | Monk |
| 27:04 | Queue | Villager (Male) |
| 27:06 | Build | Farm |
| 27:07 | Build | Farm |
| 27:09 | Build | Farm |
| 27:13 | Queue | Longbowman |
| 27:13 | Queue | Longbowman |
| 27:26 | Queue | Longbowman |
| 27:30 | Build | Mining Camp |
| 27:53 | Build | Lumber Camp |
| 28:03 | Build | Town Center |
| 28:05 | Queue | Villager (Male) |
| 28:12 | Queue | Scorpion |
| 28:20 | Build | Farm |
Match timeline
| 9:08 | Scol1ng · first_building Barracks |
| 9:43 | Ghost · first_building Barracks |
| 10:37 | Scol1ng · age_up feudal |
| 10:41 | Scol1ng · first_building Archery Range |
| 10:42 | Ghost · age_up feudal |
| 10:45 | Ghost · first_building Archery Range |
| 12:20 | Ghost · wall_segment Palisade Wall x7 |
| 12:49 | Ghost · wall_segment Palisade Wall x5 |
| 13:05 | Ghost · wall_segment Palisade Wall x7 |
| 16:33 | Scol1ng · first_market_buy 100 food |
| 16:34 | Scol1ng · first_market_sell 100 stone |
| 17:27 | Ghost · wall_segment Palisade Wall x11 |
| 17:37 | Scol1ng · first_building Stable |
| 19:32 | Scol1ng · age_up castle |
| 19:34 | Ghost · first_building Stable |
| 20:14 | Ghost · wall_segment Palisade Wall x1 |
| 20:20 | Ghost · wall_segment Palisade Wall x1 |
| 20:21 | Ghost · wall_segment Palisade Wall x1 |
| 20:49 | Scol1ng · first_building Castle |
| 21:35 | Scol1ng · first_building Siege Workshop |
| 21:52 | Scol1ng · first_building Monastery |
| 21:53 | Ghost · age_up castle |
| 22:12 | Ghost · wall_segment Palisade Wall x1 |
| 22:14 | Ghost · wall_segment Palisade Wall x1 |
| 22:16 | Ghost · wall_segment Palisade Wall x1 |
| 24:32 | Ghost · first_building Siege Workshop |
| 25:05 | Ghost · first_market_buy 100 wood |
| 25:45 | Ghost · first_building Castle |
| 33:47 | Ghost · wall_segment Palisade Wall x1 |
| 36:39 | Ghost · first_market_sell 100 wood |
| 39:18 | Ghost · resign |
[ AI ANALYSIS · 1 CREDIT ]
What really happened in this match?
Wolo.gg analyzes every decision: build order, eco, micro, common mistakes by bracket. Personalized analysis on WhatsApp or Discord in 30 seconds.
Civ guide
Khitans
Perfil
Jugador #23112305